 Dungeon Crawl Stone Soup version 0.28.0-47-ge53b351184 (webtiles) character file.

Game seed: 18086589218906996588

18 Zeld the Sneak (level 2, -3/27 HPs)
             Began as a Minotaur Delver on Apr 27, 2022.
             Slain by a hound (5 damage)
             ... on level 6 of the Dungeon.
             The game lasted 00:01:28 (556 turns).

Zeld the Sneak (Minotaur Delver)                     Turns: 556, Time: 00:01:29

Health: -3/27      AC:  3    Str: 16    XL:     2   Next: 51%
Magic:  1/1        EV: 12    Int:  7    God:
Gold:   0          SH:  0    Dex: 11    Spells: 1/1 levels left

rFire   . . .      SeeInvis .   a - +0 hand axe
rCold   . . .      Faith    .   (no shield)
rNeg    . . .      Spirit   .   b - +0 leather armour
rPois   .          Reflect  .   (helmet restricted)
rElec   .          Harm     .   (no cloak)
rCorr   .          Rampage  .   (no gloves)
Will    .....                   (no boots)
Stlth   ++........              (no amulet)
HPRegen 0.09/turn               (no ring)
MPRegen 0.07/turn               (no ring)

@: no status effects
A: horns 2, retaliatory headbutt
a: no special abilities


You were on level 6 of the Dungeon.
You visited 1 branch of the dungeon, and saw 2 of its levels.

Inventory:

Hand Weapons
 a - a +0 hand axe (weapon)
Armour
 b - a +0 leather armour (worn)
Wands
 g - a wand of digging (3)
Scrolls
 c - a scroll of fog
 d - a scroll of magic mapping
Potions
 f - 2 potions of haste


   Skills:
 * Level 3.9 Fighting
 * Level 2.8 Axes
 + Level 0.8 Armour
 + Level 2.3 Dodging
 + Level 4.1 Stealth
 + Level 0.3 Evocations


You had one spell level left.
You didn't know any spells.
Your spell library was empty.

Dungeon Overview and Level Annotations

Branches:
Dungeon (6/15)
 Temple: D:4-7

Altars:
Ashenzari
Nemelex Xobeh


Innate Abilities, Weirdness & Mutations

You have a pair of horns on your head.
You reflexively headbutt those who attack you in melee.


Message History

Found an escape hatch in the ceiling.
Found 17 gold pieces.
The ogre barely misses you.
A hound comes into view.
The hound barks!
Found 17 stones.
Found a broken altar of Ashenzari.
The white imp shouts!
You barely miss the white imp.
You headbutt the white imp, but do no damage.
The white imp misses you. The hound bites you but does no damage.
The white imp misses you.
Ashenzari says, "See what I see, mortal..."
You have a sudden vision of the Shoals and the Snake Pit!
Found 10 gold pieces.
The naga mage shouts!
The naga shouts! x3; You hear a shout!
The white imp hits you.
* * * LOW HITPOINT WARNING * * *
The white imp freezes you.
* * * LOW HITPOINT WARNING * * *
You hear an angry hiss.
The wind drake hisses angrily.
The hound bites you.
* * * LOW HITPOINT WARNING * * *
The white imp gestures at you. The puff of frost misses you.
The centaur shouts! x2
The merfolk shouts!
The hound barely misses you. You furiously retaliate!
You headbutt the hound, but do no damage.
The sea snake hisses angrily.
Found a scroll labelled RYXEROPHAN.
The hound misses you. The hound bites you.
* * * LOW HITPOINT WARNING * * *
You see here 10 gold pieces.
The mana viper hisses angrily.
The hound bites you.
* * * LOW HITPOINT WARNING * * *
The hound bites you.
You die...

#≈≈c#...#...#
#≈≈≈#...#N..#
#≈≈.#...#NN.#
#≈.c#.$.###.#
#≈m≈#...#S..#
#≈Sk#O..##..#
#≈≈≈#5..#S..#
#.#####h..#####
#.....@.?##
##########


You could see an anaconda, a mana viper, a naga mage, a naga, an ogre, a hound
and a white imp.

Vanquished Creatures
  2 adders (D:6)
2 creatures vanquished.

Notes
Turn   | Place    | Note
-------+----------+-------------------------------------------
     0 | D:5      | Zeld the Minotaur Delver began the quest for the Orb.
     0 | D:5      | Reached XP level 1. HP: 19/19 MP: 0/0
     3 | D:5      | Noticed a water moccasin zombie
     3 | D:5      | Noticed a scorpion
    99 | D:6      | Noticed an orc priest
   153 | D:6      | Reached XP level 2. HP: 27/27 MP: 1/1
   219 | D:6      | Noticed a phantom
   290 | D:6      | Found a sparkling altar of Nemelex Xobeh.
   301 | D:6      | Noticed a water moccasin
   368 | D:6      | Noticed an ogre
   500 | D:6      | Noticed an orc warrior
   505 | D:6      | Noticed an ogre
   539 | D:6      | Found a broken altar of Ashenzari.
   544 | D:6      | Saw a vision of the Shoals and the Snake Pit.
   544 | D:6      | Noticed a merfolk
   544 | D:6      | Noticed a centaur
   544 | D:6      | Noticed a mana viper
   544 | D:6      | Noticed a sea snake
   544 | D:6      | Noticed a naga mage
   544 | D:6      | Noticed a naga
   544 | D:6      | Noticed a naga
   544 | D:6      | Noticed a naga
   544 | D:6      | Noticed a wind drake
   544 | D:6      | Noticed a centaur
   545 | D:6      | Noticed an anaconda
   545 | D:6      | Noticed a naga mage
   556 | D:6      | Slain by a hound

Illustrated notes

Levels and vault maps discovered:
D:5:      layout_cave_pools, temple_pool_b, serial_gnoll_camp,
          gnoll_camp_mini_hut, gnoll_camp_mini_doghouse, gnoll_camp_mini_hut,
          gnoll_camp_mini_hut, st_stairs_10
D:6:      layout_basic, nemelex_xobeh_ov_fountains_minmay,
          grunt_ashenzari_visionary [grunt_ashenzari_visionary_shoals,
          grunt_ashenzari_visionary_snake], nicolae_grassy_gnolls

Action                   || total
-------------------------++-------
Melee: Hand axe          ||    11
       Headbutt          ||     3
  Use: Scroll            ||     1
Armor: Leather armour    ||     5
Dodge: Dodged            ||    11
